 Dungeon Crawl Stone Soup version 0.30.0-5-g1a98f26d00 (webtiles) character file.

Game seed: 13251243108847442031

25 jasper the Cutter (level 2, 0/16 HPs)
             Began as a Spriggan Berserker on May 11, 2023.
             Was a Follower of Trog.
             Frozen to death by an endoplasm (1 damage)
             ... on level 2 of the Dungeon.
             The game lasted 00:01:29 (794 turns).

jasper the Cutter (Spriggan Berserker)               Turns: 794, Time: 00:01:30

Health: 0/16       AC:  2    Str: 13    XL:     2   Next: 82%
Magic:  3/3        EV: 22    Int:  8    God:    Trog [*.....]
Gold:   45         SH:  3    Dex: 14    Spells: 1/1 levels left

rFire   . . .        a - +0 short sword
rCold   . . .        h - +0 buckler
rNeg    . . .        b - +0 animal skin
rPois   .            (helmet restricted)
rElec   .            (no cloak)
rCorr   .            (gloves unavailable)
SInv    +            (boots unavailable)
Will    .....        (no amulet)
Stlth   +            j - +5 ring of evasion
HPRegen 0.22/turn    (no ring)
MPRegen 0.08/turn

%: no passive effects
@: very quick
A: very small, no large weapons, unfitting armour, see invisible, speed 3
a: Renounce Religion, Berserk


You were on level 2 of the Dungeon.
You worshipped Trog.
Trog was aware of your devotion.
You visited 1 branch of the dungeon, and saw 2 of its levels.

You collected 45 gold pieces.

Inventory:

Hand Weapons
 a - a +0 short sword (weapon)
 k - a +0 dagger
Armour
 b - a +0 animal skin (worn)
 c - an orb of wrath
 h - a +0 buckler (worn)
Jewellery
 j - a +5 ring of evasion (left hand)
Potions
 d - a potion of brilliance
 e - a potion of curing {unknown}
 g - a potion of lignification {unknown}
 l - a potion of haste {unknown}


   Skills:
 - Level 2.4 Fighting
 + Level 4.5 Short Blades
 - Level 4.0 Dodging


You had one spell level left.
You didn't know any spells.
Your spell library was empty.

Dungeon Overview and Level Annotations

Branches:
Dungeon (2/15)

Altars:

Shops:
D:1 *

Annotations:
D:2 Robin


Innate Abilities, Weirdness & Mutations

You are very small and have problems with some larger weapons.
You are too small for most types of armour.
You have supernaturally acute eyesight. (SInv)
You cover ground extremely quickly. (Speed+++)


Message History

The quokka misses you. The endoplasm closely misses you.
You hit the quokka.
The quokka is severely wounded.
You block the quokka's attack. The endoplasm hits you.
The goblin hits you with a +0 dagger.
You take 2 damage, and have 12/16 hp.
You closely miss the quokka.
The quokka is heavily wounded.
You block the quokka's attack.
You closely miss the quokka.
The quokka is heavily wounded.
The goblin completely misses you. The endoplasm freezes you.
You are frozen.
The quokka bites you but does no damage.
You take 1 damage, and have 12/16 hp.
You closely miss the quokka.
The quokka is heavily wounded.
The endoplasm freezes you.
You are frozen.
The goblin hits you with a +0 dagger.
* * * LOW HITPOINT WARNING * * *
You block the quokka's attack.
You take 8 damage, and have 4/16 hp.
MASSIVE DAMAGE!!
You closely miss the quokka.
The quokka is heavily wounded.
The quokka barely misses you. The endoplasm freezes you.
You are frozen.
* * * LOW HITPOINT WARNING * * *
The goblin misses you.
Robin roars a battlecry!
The goblins go into a battle-frenzy!
You take 3 damage, and have 1/16 hp.
You hit the quokka.
The quokka is almost dead.
The quokka barely misses you.
The endoplasm jiggles.
The endoplasm freezes you.
You are frozen.
You die...

## #. #?# #. .# ##
#. ###.# #.##r#.#
#.#@#
##########ggJ####.##
#....<..###.gg......
#.......#.g.g...####
#...?......#.####
#.......g.##.#
#.......g##..#
#........# .##
########.# $


You could see Robin, an endoplasm, a quokka, a hobgoblin (strong) and 6 goblins.

Vanquished Creatures
  4 ball pythons
  2 bats (D:1)
  3 endoplasms (D:1)
  A giant cockroach (D:1)
  3 goblins (D:1)
  A hobgoblin (D:1)
  A quokka (D:1)
  A frilled lizard (D:1)
  5 kobolds (D:1)
  A rat (D:1)
22 creatures vanquished.

Notes
Turn   | Place    | Note
-------+----------+-------------------------------------------
     0 | D:1      | jasper the Spriggan Berserker began the quest for the Orb.
     0 | D:1      | Reached XP level 1. HP: 11/11 MP: 2/2
   114 | D:1      | Reached XP level 2. HP: 16/16 MP: 3/3
   598 | D:1      | Found Oheido's General Store.
   779 | D:2      | Noticed Robin
   794 | D:2      | Frozen to death by an endoplasm

Illustrated notes

Levels and vault maps discovered:
D:1:      sevenhm_arrival_forest_fort_small_3, layout_rooms, serial_shops,
          nicolae_shop_behind_doors, chequers_garden, st_stairs_11,
          minmay_distorted
D:2:      layout_rooms, basic_altar, minmay_hexomino_f4,
          uniq_crazy_yiuf_cottage, uniq_robin, uniq_jessica

Skill      XL: |  1 |
---------------+----+-----
Short Blades   | 4 |  4.5
Fighting       | |  2.4
Dodging        | |  4.0

Action                     || total
---------------------------++-------
  Melee: Short sword       ||   101
         Punch             ||     1
 Invoke: Berserk           ||     1
    Use: Scroll            ||     3
   Stab: Sleeping          ||     2
 Armour: Animal skin       ||     7
  Dodge: Dodged            ||    73
  Block: Buckler           ||     7
